 Dungeon Crawl Stone Soup version 0.32-a0-928-g1cae6b7ea0 (webtiles) character file.

Game seed: 2479565920776916672

1824 kae the Changeling (level 8, -3/57 HPs)
             Began as a Demonspawn Shapeshifter on Apr 12, 2024.
             Was an Initiate of Ru.
             Killed by divine providence
             ... invoked by an orc priest
              (11 damage)
             ... on level 7 of the Dungeon.
             The game lasted 00:07:23 (6488 turns).

kae the Changeling (Demonspawn Shapeshifter)        Turns: 6488, Time: 00:07:23

Health: -3/57      AC:  2    Str: 14    XL:     8   Next: 86%
Magic:  8/8        EV: 16    Int: 12    God:    Ru [......]
Gold:   486        SH:  0    Dex: 14    Spells: 7/7 levels left

rFire   . .          .
                       - Unarmed
rCold   . . .        (shield currently unavailable)
rNeg    . . .        a - melded +1 animal skin
rPois   .            (no helmet)
rElec   .            (no cloak)
rCorr   .            (no gloves)
SInv    .            (no boots)
Will    .....        (no amulet)
Stlth   +            (no ring)
HPRegen 0.29/turn    (no ring)
MPRegen 0.11/turn

%: no passive effects
@: flux-form, glowing
A: glow, contaminating, hooves 2, yellow scales 1, spiny 1
a: Begin Untransformation, Renounce Religion


You were on level 7 of the Dungeon.
You worshipped Ru.
Ru was noncommittal.
You were something dangerously unstable.
You visited 2 branches of the dungeon, and saw 8 of its levels.

You collected 486 gold pieces.


Innate Abilities, Weirdness & Mutations

You are something dangerously unstable.
You glow with magical radiation, making you easy to see and hit.
Foes you strike become dangerously contaminated with magical radiation.
You are incapable of wielding weapons or throwing items.
You have hoof-like feet.
You are partially covered in yellow scales. (AC +2)
You are partially covered in sharp spines.


   Skills:
 + Level 2.8 Fighting
 + Level 3.0 Dodging
 * Level 6.8 Unarmed Combat
 + Level 7.5 Shapeshifting


You had 7 spell levels left.
You didn't know any spells.
Your spell library contained the following spells:

 Spells                   Type           Power      Damage    Failure   Level
 Magic Dart               Conj           0%         1d3       32%         1
 Blink                    Tloc           0%         N/A       45%         2
 Call Imp                 Summ           0%         N/A       45%         2

Inventory:

Missiles
 e - 13 poisoned darts (quivered)
 h - 85 stones
 m - a curare-tipped dart {=f}
 S - 2 boomerangs
Armour
 a - a +1 animal skin (melded)
Jewellery
 s - a +6 ring of strength
   (You found it on level 6 of the Dungeon)
Talismans
 c - a beast talisman
 d - a flux talisman (active)
Wands
 u - a wand of flame (34)
   (You found it on level 4 of the Dungeon)
Scrolls
 f - 2 scrolls of fear
 g - 2 scrolls of poison {!r}
 l - 2 scrolls of vulnerability {!r!r}
 n - 3 scrolls of teleportation {@r4}
 r - 2 scrolls of identify {@r1}
 v - a scroll of enchant weapon {unknown}
Potions
 b - a potion of might
 i - 5 potions of mutation {!q}
 j - 2 potions of curing {@q1}
 k - a potion of haste {@q3}
 o - 3 potions of cancellation
 p - a potion of magic
 q - 3 potions of enlightenment
 t - a potion of attraction {!q}
 w - a potion of brilliance {unknown}

Dungeon Overview and Level Annotations

Branches:
Dungeon (7/15) Zot: 26190  Temple (1/1) D:6 Zot: 5969

Altars:
Cheibriados
Dithmenos
Fedhas
Gozag
Kikubaaqudgha
Makhleb
Nemelex Xobeh
Okawaru
Ru
Trog
Uskayaw
Wu Jian
Yredelemnul

Shops:
D:7

* #..........#.###.#. .#.###
#.........#...#...# #...#.
#.........#...#...#####...#.
#.........#...#...#...#...#.
#..........#.###.#.....#.###
#..........##...###...###...
#..........#.....#.###.#....
#...........#.[.#...#...#...
#..........p#####...#...####
#..........l#...#...#...#
##########.#$....#.###.#.
#.##o..###. .###. .
#.#o###.# ... ##.. ..#.. #..
.#### #.. .# .#. . #


You could see an iguana (contam) and an orc priest.


Message History

Things that are here:
a +0 hand axe; an orc corpse
Things that are here:
a +0 short sword of electrocution; a +0 leather armour Key pressed, stopping explore.
No target in view!
No target in view!
Found a stone staircase leading down.
No target in view!
No target in view!
w - a grey potion No target in view!
No target in view!
You now have 486 gold pieces (gained 20).
An orc priest and an orc come into view.
The orc priest is wielding a +1 heavy trident.
The orc priest shouts!
The orc shouts!
You hear a shout!
An orc wizard comes into view. It is wielding a +0 dagger.
The orc priest closely misses you.
There are monsters nearby!
There are monsters nearby!
There are monsters nearby!
The orc wizard casts a spell at you.
You are confused.
Unknown command.
The orc wizard gestures at you while chanting.
You resist with some effort.
Unknown command.
An iguana comes into view.
The iguana hisses angrily.
The orc priest completely misses you.
Unknown command.
Unknown command.
You hit the orc priest.
The orc priest begins to glow.
You kick the orc priest. The orc wizard barely misses you.
The orc priest closely misses you.
Unknown command.
You're too confused to move!
The orc wizard mumbles some strange words.
The orc wizard flickers and vanishes!
Deactivating autopickup; reactivate with Ctrl-A.
Unknown command.
The orc priest misses you. Something closely misses you.
Unknown command.
You bump into the rock wall.
You feel less confused.
The orc priest invokes the aid of Beogh against you.
Pain shoots through your body! Something hits you. 😕 HP[-12]
You take 12 damage, and now have 45/57 hp.
MASSIVE DAMAGE!! (PAUSE)
The orc priest is struck by your spines.
The orc priest hits you with a +1 heavy trident.
Something hits you. 😮 HP[-3]
You take 3 damage, and now have 42/57 hp.
Unknown command.
The orc priest stops glowing.
The orc priest barely misses you.
You hit something.
The orc wizard begins to glow.
Your kick misses the orc wizard. You hit the orc wizard.
The orc wizard glows dangerously bright.
The orc priest hits you from afar with a +1 heavy trident!
The orc wizard is struck by your spines.
The orc wizard hits you with a +0 dagger.
* * * LOW HITPOINT WARNING * * *
😨 HP[-14]
You take 14 damage, and now have 28/57 hp.
MASSIVE DAMAGE!! (PAUSE)
You hit the orc wizard.
The orc wizard shudders as magic cascades through it!!
You kill the orc wizard!
Reactivating autopickup.
The orc priest looks encouraged for a moment.
You closely miss the iguana. The iguana is struck by your spines.
The iguana closely misses you.
The orc priest calls down the wrath of Beogh upon you.
Beogh smites you!
* * * LOW HITPOINT WARNING * * *
😨 HP[-12]
You take 12 damage, and now have 16/57 hp.
MASSIVE DAMAGE!! (PAUSE)
You barely miss the iguana. You kick the iguana. The iguana barely misses you.
You completely miss the iguana. The orc priest misses you.
The iguana bites you!
* * * LOW HITPOINT WARNING * * *
😱 HP[-13]
You take 13 damage, and now have 3/57 hp.
MASSIVE DAMAGE!! (PAUSE)
The orc priest looks encouraged for a moment.
You feel better. The iguana barely misses you.
The orc priest miscasts a cantrip. 😱 HP[+8]
You regained 8 hp, and now have 11/57 hp.
You hit the iguana but do no damage.
The iguana begins to glow.
You kick the iguana. The iguana bites you.
* * * LOW HITPOINT WARNING * * *
The orc priest mumbles some strange prayers to Beogh against you.
Beogh smites you!
You die...
Ru respects your ultimate sacrifice.

Skill      XL: |  1  2  3  4  5  6  7  8 |
---------------+-------------------------+-----
Shapeshifting  | 3 4 5 6 7 |  7.5
Unarmed Combat | 3 4 5 6 |  6.8
Dodging        | 3 |  3.0
Fighting       | 2 |  2.8

Action                     |  1- 3 |  4- 6 |  7- 9 || total
---------------------------+-------+-------+-------++-------
  Melee: Unarmed           |   123 |   161 |   136 ||   420
         Punch             |     2 |     5 |     3 ||    10
         Kick              |    13 |    38 |    51 ||   102
 Invoke: Reject Sacrifices |       |       |     1 ||     1
  Evoke: Wand              |       |     5 |     5 ||    10
    Use: Scroll            |     4 |     5 |     3 ||    12
         Potion            |       |     3 |     6 ||     9
   Stab: Sleeping          |     1 |     1 |       ||     2
 Armour: Animal skin       |    58 |    71 |    43 ||   172
         Skin              |       |    19 |    49 ||    68
  Dodge: Dodged            |    63 |    60 |    85 ||   208
   Form: Flux              |       |       |     1 ||     1

Levels and vault maps discovered:
D:1:      nzn_arrival_depleted_hourglass, layout_rooms, minmay_crystal_room
D:2:      layout_basic, uniq_robin
D:3:      kennysheep_big_flooded_room, layout_loops_ring, uniq_jessica
D:4:      layout_loops_ring, kennysheep_little_box
D:5:      layout_basic, mainiacjoe_overflow_surrounded_room
D:6:      layout_loops_cross, minmay_temple_entry_sparse_star
D:7:      nicolae_cairo_tiling, layout_rooms, serial_shops, shop, uniq_maurice
Temple:   nicolae_temple_two_arcs

Notes
Turn   | Place    | Note
-------+----------+-------------------------------------------
     0 | D:1      | kae the Demonspawn Shapeshifter began the quest for the
                  | Orb.
     0 | D:1      | Reached XP level 1. HP: 15/15 MP: 1/1
     0 | D:1      | magus.rc [v1.11.3]
   161 | D:1      | Reached skill level 3 in Shapeshifting
   222 | D:1      | Gained mutation: You are partially covered in yellow
                  | scales. (AC +2) [demonic ancestry]
   222 | D:1      | Reached XP level 2. HP: 21/21 MP: 2/2
   355 | D:1      | Reached skill level 3 in Unarmed Combat
  1034 | D:2      | Gained mutation: You have large cloven feet. [demonic
                  | ancestry]
  1034 | D:2      | Reached XP level 3. HP: 26/26 MP: 3/3
  1291 | D:2      | Noticed Robin
  1339 | D:2      | Killed Robin
  1729 | D:2      | Reached XP level 4. HP: 31/32 MP: 4/4
  1855 | D:3      | Noticed Jessica
  1876 | D:2      | Killed Jessica
  1877 | D:2      | Reached skill level 4 in Shapeshifting
  2259 | D:3      | Reached XP level 5. HP: 37/37 MP: 5/5
  2382 | D:3      | You pick up a book of Minor Magic and begin reading...
  2382 | D:3      | You add the spells Magic Dart, Blink and Call Imp to your
                  | library.
  2742 | D:4      | Reached skill level 4 in Unarmed Combat
  2819 | D:4      | Identified the +4 spear "Raemymi" {venom, Fly rC+}
  2860 | D:4      | Noticed an ogre
  2868 | D:4      | HP: 9/37 [ogre/+0 giant club (22)]
  3035 | D:4      | Killed an ogre
  3036 | D:4      | Reached skill level 5 in Shapeshifting
  3036 | D:4      | Reached XP level 6. HP: 43/43 MP: 6/6
  3613 | D:4      | Found a sparkling altar of Nemelex Xobeh.
  3701 | D:5      | Entered Level 5 of the Dungeon
  3768 | D:5      | Found an ancient bone altar of Kikubaaqudgha.
  3916 | D:5      | Gained mutation: You are partially covered in sharp spines.
                  | [demonic ancestry]
  3916 | D:5      | Reached XP level 7. HP: 16/48 MP: 7/7
  4108 | D:5      | Reached skill level 5 in Unarmed Combat
  4108 | D:5      | Reached skill level 6 in Shapeshifting
  4886 | D:6      | Found a staircase to the Ecumenical Temple.
  4914 | D:6      | HP: 9/48 [gnoll/+0 spear[a gnoll sergeant] (5)]
  4915 | D:6      | HP: 4/48 [gnoll/+0 club[a gnoll sergeant] (2)]
  4929 | D:6      | HP: 8/48 [gnoll sergeant/+0 spear (7)]
  4932 | D:6      | Gained mutation: You have hoof-like feet. [demonic
                  | ancestry]
  4932 | D:6      | Reached XP level 8. HP: 9/54 MP: 8/8
  4940 | Temple   | Entered the Ecumenical Temple
  4962 | Temple   | Became a worshipper of Ru the Awakened
  5129 | D:6      | Reached skill level 7 in Shapeshifting
  5688 | D:7      | HP: 11/54 [orc warrior/+0 glaive (18)]
  5690 | D:7      | Reached skill level 2 in Dodging
  5852 | D:6      | Reached skill level 6 in Unarmed Combat
  5996 | D:7      | Noticed Maurice
  6023 | D:7      | Reached skill level 2 in Fighting
  6121 | D:7      | Found Fuggi's General Store.
  6125 | D:7      | Maurice stole 427 gold
  6127 | D:7      | Something stole a flux talisman
  6128 | D:7      | Something stole 2 boomerangs
  6130 | D:7      | Something stole a +6 ring of strength
  6131 | D:7      | HP: 13/56 [something (2)]
  6219 | D:7      | HP: 11/56 [Maurice/+0 short sword (4)]
  6220 | D:7      | Killed Maurice
  6221 | D:7      | Reached skill level 3 in Dodging
  6485 | D:7      | HP: 3/57 [iguana (14)]
  6488 | D:7      | Killed from afar by an orc priest

Vanquished Creatures
  Maurice (D:7)
  An orc warrior (D:7)
  3 ogres
  A centaur (D:6)
  A phantom (D:5)
  A kobold brigand (D:7)
  A bullfrog (D:5)
  A gnoll sergeant (D:6)
  A scorpion (D:6)
  A howler monkey (D:6)
  4 hounds
  An orc priest (D:6)
  A gnoll bouda (D:4)
  5 sleepcaps
  Jessica (D:2)
  2 iguanas
  2 orc wizards (D:7)
  Robin (D:2)
  9 gnolls
  6 adders
  2 dart slugs
  A ribbon worm (D:2)
  22 orcs
  9 endoplasms
  6 giant cockroaches
  13 goblins
  7 hobgoblins
  2 quokkas
  5 ball pythons
  6 bats
  3 frilled lizards
  15 kobolds
  14 rats
149 creatures vanquished.

Table legend:
 A = Non-vault XP
 B = Vault XP
 C = Vault XP percentage of total XP
 D = Non-vault monster count
 E = Vault monster count
 F = Vault count percentage of total count
                 A         B        C        D         E       F
            +---------+---------+-------+---------+---------+-------
      Total |    2067 |     540 |  20.7 |     137 |      12 |   8.1
            +---------+---------+-------+---------+---------+-------
        D:1 |      25 |       0 |   0.0 |      18 |       0 |   0.0
        D:2 |      58 |      66 |  53.2 |      20 |       9 |  31.0
        D:3 |      59 |       2 |   3.3 |      25 |       2 |   7.4
        D:4 |     466 |       0 |   0.0 |      26 |       0 |   0.0
        D:5 |     319 |       0 |   0.0 |      11 |       0 |   0.0
        D:6 |     735 |       0 |   0.0 |      22 |       0 |   0.0
        D:7 |     405 |     472 |  53.8 |      15 |       1 |   6.2
            +---------+---------+-------+---------+---------+-------

Skill      XL: |  1  2  3  4  5  6  7  8 |
---------------+-------------------------+-----
Shapeshifting  | 3 4 5 6 7 |  7.5
Unarmed Combat | 3 4 5 6 |  6.8
Dodging        | 3 |  3.0
Fighting       | 2 |  2.8

Action                     |  1- 3 |  4- 6 |  7- 9 || total
---------------------------+-------+-------+-------++-------
  Melee: Unarmed           |   123 |   161 |   136 ||   420
         Punch             |     2 |     5 |     3 ||    10
         Kick              |    13 |    38 |    51 ||   102
 Invoke: Reject Sacrifices |       |       |     1 ||     1
  Evoke: Wand              |       |     5 |     5 ||    10
    Use: Scroll            |     4 |     5 |     3 ||    12
         Potion            |       |     3 |     6 ||     9
   Stab: Sleeping          |     1 |     1 |       ||     2
 Armour: Animal skin       |    58 |    71 |    43 ||   172
         Skin              |       |    19 |    49 ||    68
  Dodge: Dodged            |    63 |    60 |    85 ||   208
   Form: Flux              |       |       |     1 ||     1

Illustrated notes

Table legend:
 A = Kills in this place as a percentage of kills in the entire game.
 B = Kills by you in this place as a percentage of kills by you in the entire game.
 C = Kills by friends in this place as a percentage of kills by friends in the entire game.
 D = Other kills in this place as a percentage of other kills in the entire game.
 E = Experience gained in this place as a percentage of experience gained in the entire game.
 F = Experience gained in this place divided by the number of levels of this place that you have seen.
                   A       B       C       D       E      F
               +-------+-------+-------+-------+-------+----------------------
         Total | 100.0 | 100.0 |   N/A |   N/A | 100.0 | 325.9
       Dungeon | 100.0 | 100.0 |   N/A |   N/A | 100.0 | 372.4
               +-------+-------+-------+-------+-------+----------------------

Table legend: (Time is in decaauts)
 A = Elapsed time spent in this place.
 B = Non-inter-level travel time spent in this place.
 C = Inter-level travel time spent in this place.
 D = Time resting spent in this place.
 E = Time spent auto-exploring this place.
 F = Levels seen in this place.
 G = Mean time per level.
                   A        B        C        D        E       F      G
               +--------+--------+--------+--------+--------+-----+--------+
         Total |   6441 |   6277 |    164 |    885 |   4372 |   8 |  805.1 |
       Dungeon |   6410 |   6261 |    149 |    871 |   4372 |   7 |  915.7 |
        Temple |     30 |     15 |     15 |     14 |      0 |   1 |   30.0 |
               +--------+--------+--------+--------+--------+-----+--------+

Top non-repeatable levels by time:
     D:2: 1145 daAuts
     D:5: 1093 daAuts
     D:6: 1089 daAuts
     D:4: 970 daAuts
     D:3: 858 daAuts
     D:1: 694 daAuts
     D:7: 558 daAuts
  Temple: 30 daAuts
